 Dungeon Crawl Stone Soup version 0.20.1-1-g8b1a95d (webtiles) character file.

3572 lorenzova the Thaumaturge (level 9, -7/45 HPs)
             Began as a Deep Elf Conjurer on Sept 28, 2017.
             Was an Initiate of Vehumet.
             Mangled by a death yak (8 damage)
             ... on level 8 of the Dungeon.
             The game lasted 00:19:50 (9042 turns).

lorenzova the Thaumaturge (Deep Elf Conjurer)       Turns: 9042, Time: 00:19:51

Health: -7/45      AC:  9    Str:  5    XL:     9   Next: 84%
Magic:  18/27      EV: 13    Int: 24    God:    Vehumet [......]
Gold:   362        SH:  0    Dex: 15    Spells: 21/32 levels left

rFire    . . .     SeeInvis .   o - +0 short sword
rCold    . . .     Gourm    .   (no shield)
rNeg     . . .     Faith    .   s - +2 animal skin
rPois    .         Spirit   .   t - +2 helmet
rElec    .         Reflect  .   (no cloak)
rCorr    .         Harm     .   (no gloves)
MR       .....                  u - +1 pair of boots
Stlth    ++........             (no amulet)
Regen    0.2/turn               (no ring)
MPRegen  0.2/turn               (no ring)

@: no status effects
A: no striking features
a: Renounce Religion


You were on level 8 of the Dungeon.
You worshipped Vehumet.
Vehumet was noncommittal.
You were hungry.

You visited 2 branches of the dungeon, and saw 9 of its levels.

You collected 388 gold pieces.
You spent 26 gold pieces at shops.

Inventory:

Hand Weapons
 o - a +0 short sword (weapon)
Armour
 k - a +3 ring mail of poison resistance
 s - a +2 animal skin (worn)
 t - a +2 helmet (worn)
 u - a +1 pair of boots (worn)
 y - a +2 ring mail of cold resistance
Wands
 a - a wand of random effects (29/48)
 A - a wand of iceblast (6/15)
 C - a wand of digging (11/24)
Scrolls
 d - a scroll of random uselessness {unknown}
 e - 2 scrolls of remove curse
 l - 2 scrolls of blinking {unknown}
 m - 2 scrolls of magic mapping {unknown}
 p - 3 scrolls of teleportation
 q - 4 scrolls of identify
 r - 3 scrolls of recharging {unknown}
 z - 4 scrolls of enchant armour {unknown}
 B - a scroll of fear {unknown}
 E - 2 scrolls of noise {unknown}
Potions
 f - a potion of invisibility {unknown}
 g - a potion of degeneration {unknown}
 h - 3 potions of heal wounds {unknown}
 i - 3 potions of curing {unknown}
 j - a potion of haste {unknown}
 n - 2 potions of ambrosia {unknown}
 v - 3 potions of agility {unknown}
 D - a potion of flight {unknown}
Books
 b - a book of Conjurations

   Spells                             Type                      Level
   a - Magic Dart                     Conjuration                  1
   b - Searing Ray                    Conjuration                  2
   c - Dazzling Spray                 Conjuration/Hexes            3
   d - Fulminant Prism                Conjuration/Hexes            4
   e - Force Lance                    Conjuration/Translocation    4
   f - Iskenderun's Mystic Blast      Conjuration                  4
Comestibles
 c - 10 bread rations
 w - 5 meat rations


   Skills:
 - Level 2.4 Dodging
 - Level 2.4 Stealth
 * Level 12.1 Spellcasting
 * Level 10.7 Conjurations
 + Level 7.2 Hexes


You had 21 spell levels left.
You knew the following spells:

 Your Spells              Type           Power        Failure   Level  Hunger
a - Magic Dart            Conj           ####         1%          1    None
c - Iskenderun's Mystic   Conj           ######..     1%          4    None
d - Fulminant Prism       Conj/Hex       ######....   1%          4    None
s - Searing Ray           Conj           ######       1%          2    None


Dungeon Overview and Level Annotations

Branches:
Dungeon (8/15)             Temple (1/1) D:6            Lair (0/6) D:8

Altars:
Cheibriados
Dithmenos
Elyvilon
Fedhas
Hepliaklqana
Kikubaaqudgha
Makhleb
Nemelex Xobeh
Okawaru
Ru
Sif Muna
Vehumet
Xom
Yredelemnul
Zin
The Shining One

Shops:
D:4 *


Message History

(Press . to maintain the ray.)
The death yak gores you.
The searing ray hits the death yak.
The death yak is lightly wounded.
The death yak gores you but does no damage.
The searing ray hits the death yak.
The death yak is moderately wounded.
The death yak misses you.
The searing ray hits the death yak.
The death yak is heavily wounded.
The searing ray hits the yak.
The yak is moderately wounded.
You finish channeling your searing ray.
The death yak gores you!!
Ouch! That really hurt!
The death yak gores you!
* * * LOW HITPOINT WARNING * * *
You are feeling hungry.
The death yak gores you but does no damage.
The death yak gores you!
You die...

#.<....#
#.#...............
#......#
#.##......>..#....
#......##
#.##...(....#.....
#.......#
#.##..#)(#........
#######.#
#.##..............
#.###.##.(..(.........
#..##Y##########.####.
##.##Y# #...... #.##@#
######. #..#.# ####.
##.#.# #.... #...#
#.#.. ##..# ##.#.#
#.># ##..#.. ##.#
#.#.#.# #.# ##.#.#.#
#.# #.##.#.#


You could see a death yak and a yak.

Vanquished Creatures
  Pikel (D:6)
  Grinder (D:5)
  A yak (D:8)
  Duvessa (D:5)
  2 porcupines (D:8)
  A hornet zombie (D:6)
  2 orc warriors
  A black bear (D:7)
  3 ogres
  A phantom (D:7)
  A sky beast (D:8)
  3 centaurs
  A bullfrog (D:7)
  Dowan (D:5)
  A scorpion (D:6)
  A howler monkey (D:4)
  A quasit (D:6)
  6 hounds
  A jelly (D:8)
  5 orc priests
  A bullfrog skeleton (D:5)
  Ijyb (D:3)
  2 orc wizards (D:4)
  9 worker ants
  A gnoll shaman (D:6)
  2 hell rats (D:8)
  2 iguanas
  Terence (D:3)
  A hound zombie (D:6)
  3 hound skeletons
  A worker ant zombie (D:8)
  Robin (D:3)
  4 gnolls (D:6)
  6 adders
  3 shadow imps
  An ooze (D:4)
  An adder zombie (D:8)
  An adder skeleton (D:8)
  4 worms
  4 dart slugs
  3 leopard geckos
  15 orcs
  A ball python (D:1)
  5 giant cockroaches
  12 goblins
  6 hobgoblins
  4 jackals (D:2)
  3 kobolds (D:2)
  4 quokkas
  7 bats
  8 frilled lizards
  5 rats
157 creatures vanquished.

Vanquished Creatures (others)
  2 slaves (D:6)
  2 bullfrogs (D:6)
  A jelly (D:6)
  An orc priest (D:6)
  An orc wizard (D:6)
  A worker ant (D:6)
  An ooze (D:6)
  A leopard gecko (D:6)
  An orc (D:6)
11 creatures vanquished.

Grand Total: 168 creatures vanquished

Notes
Turn   | Place    | Note
-------+----------+-------------------------------------------
     0 | D:1      | lorenzova the Deep Elf Conjurer began the quest for the Orb.
     0 | D:1      | Reached XP level 1. HP: 10/10 MP: 6/6
   438 | D:1      | Reached XP level 2. HP: 15/15 MP: 6/8
   442 | D:1      | Learned a level 2 spell: Searing Ray
   795 | D:2      | Reached skill level 4 in Spellcasting
   832 | D:2      | Reached skill level 5 in Conjurations
   832 | D:2      | Reached XP level 3. HP: 19/19 MP: 2/10
  1937 | D:3      | Noticed Robin
  1946 | D:3      | Killed Robin
  1946 | D:3      | Reached XP level 4. HP: 24/24 MP: 1/12
  2110 | D:3      | Learned a level 4 spell: Iskenderun's Mystic Blast
  2115 | D:3      | Learned a level 4 spell: Fulminant Prism
  2323 | D:3      | Reached skill level 5 in Spellcasting
  2681 | D:3      | Noticed Ijyb
  2706 | D:3      | Killed Ijyb
  2735 | D:3      | Reached XP level 5. HP: 28/28 MP: 2/14
  2891 | D:3      | Noticed Terence
  2894 | D:3      | Killed Terence
  3198 | D:4      | Reached skill level 6 in Spellcasting
  3339 | D:4      | Reached skill level 1 in Hexes
  3407 | D:4      | Reached XP level 6. HP: 32/32 MP: 13/17
  3642 | D:4      | Found Ulodit's General Store.
  3648 | D:4      | Bought a scroll of identify for 26 gold pieces
  3873 | D:4      | Reached skill level 7 in Spellcasting
  4321 | D:5      | Entered Level 5 of the Dungeon
  4358 | D:5      | Noticed an orc warrior
  4378 | D:5      | Killed an orc warrior
  4378 | D:5      | Reached XP level 7. HP: 22/36 MP: 2/20
  4599 | D:5      | Reached skill level 8 in Spellcasting
  4808 | D:5      | Noticed Duvessa
  5091 | D:5      | Reached XP level 8. HP: 39/41 MP: 10/22
  5256 | D:5      | Noticed Dowan
  5258 | D:5      | Killed Dowan
  5258 | D:5      | Reached skill level 9 in Spellcasting
  5272 | D:5      | Noticed Grinder
  5279 | D:5      | Killed Duvessa
  5523 | D:5      | Found a glowing silver altar of Zin.
  5601 | D:5      | Paralysed by Grinder for 2 turns
  5623 | D:5      | Killed Grinder
  5623 | D:5      | Reached skill level 5 in Hexes
  5954 | D:6      | Reached skill level 10 in Spellcasting
  6156 | D:6      | Noticed Pikel
  6185 | D:6      | Killed Pikel
  6185 | D:6      | Reached XP level 9. HP: 45/45 MP: 9/25
  6571 | D:6      | Found a deep blue altar of Sif Muna.
  6676 | D:6      | Found a white marble altar of Elyvilon.
  6884 | D:6      | Found a staircase to the Ecumenical Temple.
  6893 | Temple   | Entered the Ecumenical Temple
  6932 | Temple   | Became a worshipper of Vehumet
  7022 | D:6      | Reached skill level 11 in Spellcasting
  7156 | D:7      | Found an ancient bone altar of Kikubaaqudgha.
  7555 | D:7      | Found a snail-covered altar of Cheibriados.
  7674 | D:7      | Found a sparkling altar of Nemelex Xobeh.
  7912 | D:7      | Reached skill level 10 in Conjurations
  8651 | D:8      | Found a staircase to the Lair.
  8769 | D:8      | Noticed a death yak
  8930 | D:8      | Reached skill level 12 in Spellcasting
  8995 | D:8      | Found a hazy altar of Hepliaklqana.
  9022 | D:8      | Noticed a death yak
  9040 | D:8      | HP: 1/45 [death yak (14)]
  9042 | D:8      | Mangled by a death yak

Skill      XL: |  1  2  3  4  5  6  7  8  9 |
---------------+----------------------------+-----
Spellcasting   | 4 5 6 7 8 10 12 | 12.1
Conjurations   | 5 6 7 9 10 | 10.7
Hexes          | 1 2 4 5 7 |  7.2
Dodging        | |  2.4
Stealth        | |  2.4

Action                   |  1- 3 |  4- 6 |  7- 9 || total
-------------------------+-------+-------+-------++-------
Melee: Short sword       |     1 |     6 |     8 ||    15
 Cast: Magic Dart        |    72 |   121 |   136 ||   329
       Searing Ray       |     2 |     3 |    19 ||    24
       Iskenderun's Myst |       |    16 |    55 ||    71
  Use: Scroll            |       |     3 |       ||     3
 Stab: Sleeping          |     1 |     1 |     1 ||     3
  Eat: Chunk             |     3 |     5 |    11 ||    19
       Fruit             |       |     7 |       ||     7
       Royal jelly       |       |       |     1 ||     1
Armor: Robe              |     4 |       |       ||     4
       Animal skin       |       |     6 |    18 ||    24
Dodge: Dodged            |     8 |    26 |    54 ||    88
